AoeStats
← Michi3052

Enclosed

504251606Analyzed
1v1 RM · 29d ago on Sep 4, 2026· 19m 22s· 2 players
Game mode
Random Map
Map size
Tiny (2 player)
Population
200
Speed
Normal
Resources
Standard
Victory
Conquest
Starting age
Dark Age
Ending age
Imperial Age
RankedLock teamsTeams togetherTeam positionsShared explorationLock speedFull tech treeHidden civsTurbo modeCheats
Victory
Defeat
🇩🇪 Goths · Germany
699
+16
🇪🇸 Turks · Spain
708
-16
Nordjansen
0:29 Loom
12:07 Feudal Age
12:43 Double-Bit Axe
12:40 Man-at-Arms
15:29 Horse Collar
Michi3052
12:25 Feudal Age
16:05 Castle Age
16:30 Bloodlines
18:01 Scale Barding Armor
Connection lost

Rejoining the realm…

Still unreachable

The connection could not be restored.

Session expired

The server has moved on; the page needs a fresh start.